 Dungeon Crawl Stone Soup version 0.20-a0-210-gd6c29eb (webtiles) character file.

64 KristoblXynda the Charmwright (level 3, -3/29 HPs)
             Began as a Draconian Skald on Nov 26, 2016.
             Slain by an adder (5 damage)
             ... on level 3 of the Dungeon.
             The game lasted 00:02:28 (1553 turns).

KristoblXynda the Charmwright (Draconian Skald)     Turns: 1553, Time: 00:02:29

Health: -3/29      AC:  5    Str: 14    XL:     3   Next: 91%
Magic:  6/6        EV: 12    Int: 13    God:
Gold:   84         SH:  0    Dex: 10    Spells: 5/6 levels left

rFire  . . .     SeeInvis .     a - +0 falchion
rCold  . . .     Gourm    .     (armour unavailable)
rNeg   . . .     Faith    .     (no shield)
rPois  .         Spirit   .     (helmet restricted)
rElec  .         Reflect  .     (no cloak)
rCorr  .         Harm     .     (no gloves)
MR     .....                    (no boots)
Stlth  +.........               (no amulet)
                                (no ring)
                                (no ring)

@: no status effects
A: unfitting armour, cold-blooded, AC +5
a: no special abilities


You were on level 3 of the Dungeon.
You were not hungry.

You visited 1 branch of the dungeon, and saw 3 of its levels.

You collected 84 gold pieces.

Inventory:

Hand Weapons
 a - a +0 falchion (weapon)
 j - a +2 hand axe of freezing
Missiles
 n - 2 throwing nets (quivered)
Armour
 q - a +0 shield
Jewellery
 e - a +6 ring of protection {unknown}
Scrolls
 d - a scroll of immolation
Potions
 g - a potion of haste
 m - a potion of cancellation
 p - a potion of might {unknown}
Books
 b - a book of Battle

   Spells                             Type                      Level
   a - Infusion                       Charms                       1
   b - Shroud of Golubria             Charms/Translocation         2
   c - Song of Slaying                Charms                       2
   d - Spectral Weapon                Hexes/Charms                 3
   e - Regeneration                   Charms/Necromancy            3
Comestibles
 c - 2 bread rations


   Skills:
 - Level 2.1 Fighting
 + Level 3.0 Long Blades
 + Level 2.1 Dodging
 - Level 2.0 Spellcasting
 + Level 3.4 Charms


You had 5 spell levels left.
You knew the following spells:

 Your Spells              Type           Power        Failure   Level  Hunger
a - Infusion              Chrm           ##..         10%         1    ##.....


Dungeon Overview and Level Annotations

Branches:
Dungeon (3/15)

Altars:
Kikubaaqudgha
Xom


Innate Abilities, Weirdness & Mutations

Your plain brown scales are hard. (AC +5)
You cannot fit into any form of body armour.
You are cold-blooded and may be slowed by cold attacks.


Message History

You kill the goblin!
Your Long Blades skill increases to level 3!
You see here a club.
An adder comes into view.
The ogre shouts!
The adder hisses angrily.
The adder bites you but does no damage.
You hit the adder but do no damage. The adder bites you but does no damage.
The adder bites you.
You hit the adder.
The adder is moderately wounded.
The adder bites you but does no damage.
The ogre hits you with a giant spiked club!!
Ouch! That really hurt!
* * * LOW HITPOINT WARNING * * *
The adder bites you but does no damage. The adder bites you but does no damage.
The adder barely misses you.
You riposte.
You hit the adder but do no damage.
The adder is moderately wounded.
The adder bites you.
You die...

#..........##
%...# #...........
....# #..........
.... #.........#.
...
#.........#.##..
#.........# ....#
..........# #.#.#
.........#.###@#.#
..###.##.....S...#
... . ##....O..>#
#.# .. ##.).....#
#..##.#. ##......#
...g.... #......##
....# ####..(....#
<...# #...<......#
....#
#.##.........#


You could see an ogre and an adder.

Vanquished Creatures
  2 worms (D:2)
  3 dart slugs
  A leopard gecko (D:2)
  6 bats
  2 giant cockroaches
  10 goblins
  5 hobgoblins
  3 jackals (D:2)
  3 ball pythons (D:2)
  3 frilled lizards
  5 kobolds
  3 rats (D:1)
46 creatures vanquished.

Notes
Turn   | Place    | Note
-------+----------+-------------------------------------------
     0 | D:1      | KristoblXynda the Draconian Skald began the quest for the Orb.
     0 | D:1      | Reached XP level 1. HP: 17/17 MP: 3/3
   294 | D:1      | Reached XP level 2. HP: 23/24 MP: 5/5
   842 | D:1      | Reached XP level 3. HP: 29/29 MP: 6/6
   937 | D:2      | Found an ancient bone altar of Kikubaaqudgha.
  1149 | D:2      | Found a shimmering altar of Xom.
  1499 | D:3      | Noticed an ogre
  1546 | D:3      | HP: 1/29 [ogre/giant spiked club (24)]
  1553 | D:3      | Slain by an adder

Vault maps used:
D:1:      dpeg_arrival_simpleton_c, minmay_quantized
D:2:      old_standard_altar, nicolae_overflow_crystal_walls, first_bread

Skill      XL: |  1  2  3 |
---------------+----------+-----
Charms         | 3 |  3.4
Dodging        | 2 |  2.1
Long Blades    | 3 |  3.0
Fighting       | |  2.1
Spellcasting   | |  2.0

Action                   || total
-------------------------++-------
Melee: Falchion          ||    95
       Tailslap          ||    16
       Hand axe          ||    28
  Use: Scroll            ||     6
  Eat: Pizza             ||     1
       Beef jerky        ||     1
       Chunk             ||     1
Armor: Skin              ||    49
Dodge: Dodged            ||   105
       Rpst.: Falchion   ||    24
